 Dungeon Crawl Stone Soup version 0.28-a0-863-g8cecda6153 (webtiles) character file.

Game seed: 296864704037440395

399 sanka the Chopper (level 6, -5/50 HPs)
             Began as a Palentonga Abyssal Knight on Nov 17, 2021.
             Was a Believer of Lugonu.
             Killed by nerve-wracking pain
             ... invoked by Grinder
              (10 damage)
             ... while paralysed by Grinder
             ... on level 3 of the Dungeon.
             The game lasted 00:06:44 (5664 turns).

sanka the Chopper (Palentonga Abyssal Knight)       Turns: 5664, Time: 00:06:44

Health: -5/50      AC:  6    Str: 18    XL:     6   Next: 53%
Magic:  9/9        EV:  1    Int: 10    God:    Lugonu [**....]
Gold:   120        SH:  0    Dex: 11    Spells: 5/5 levels left

rFire   . . .      SeeInvis +   a - +1 hand axe
rCold   . . .      Faith    .   (no shield)
rNeg    . . .      Spirit   .   b - +0 leather armour
rPois   .          Reflect  .   j - +0 helmet
rElec   .          Harm     .   (no cloak)
rCorr   .          Rampage  .   l - +0 pair of gloves
Will    .....                   (no barding)
Stlth   +.........              (no amulet)
HPRegen 0.16/turn               (no ring)
MPRegen 0.11/turn               (no ring)

@: paralysed
A: large, rugged brown scales 3, see invisible, deformed body, roll 1, armoured
tail
a: Rolling Charge, Renounce Religion, Depart the Abyss, Bend Space


You were on level 3 of the Dungeon.
You worshipped Lugonu.
Lugonu was pleased with you.
You visited 1 branch of the dungeon, and saw 3 of its levels.
You visited the Abyss 1 time.

You collected 120 gold pieces.


Innate Abilities, Weirdness & Mutations

You are completely covered in rugged brown scales. (AC +3, +7% HP)
You have supernaturally acute eyesight. (SInv)
Armour fits poorly on your strangely shaped body.
You can roll at nearby foes to attack.
You have a long armoured tail.


   Skills:
 - Level 3.0 Fighting
 - Level 6.0 Axes
 - Level 1.5 Armour
 - Level 0.7 Dodging
 + Level 4.5 Invocations


You had 5 spell levels left.
You didn't know any spells.
Your spell library contained the following spells:

 Spells                   Type           Power      Damage    Failure   Level
 Ignite Poison            Fire/Tmut/Pois 0%         N/A       80%         3
 Mephitic Cloud           Conj/Pois/Air  0%         N/A       80%         3
 Freezing Cloud           Conj/Ice/Air   0%         6-21      100%        5

Inventory:

Hand Weapons
 a - a +1 hand axe (weapon)
 k - a +0 dagger of venom
 n - a +2 flail of protection
Armour
 b - a +0 leather armour (worn)
 j - a +0 helmet (worn)
 l - a +0 pair of gloves (worn)
Wands
 m - a wand of polymorph (4)
Scrolls
 d - a scroll of noise {unknown}
 f - 2 scrolls of identify {unknown}
 g - a scroll of amnesia {unknown}
 h - a scroll of enchant armour {unknown}
 o - a scroll of torment {unknown}
Potions
 c - 3 potions of haste {unknown}
 e - a potion of lignification {unknown}
 i - 4 potions of curing {unknown}

Dungeon Overview and Level Annotations

Branches:
Dungeon (3/15)

Altars:
Yredelemnul

Shops:
D:1 =   D:2 [   D:3 *

Annotations:
D:3 Grinder

.....#▒▒........▒.▒ ▒....▒.......
................▒.▒ ▒..♣♣♣.......
.▒..............▒▒▒▒▒.♣..♣.♣.....
......▒.........▒▒....♣.♣.♣.♣♣...
......'.▒▒▒.....▒▒..♣♣.♣♣♣.♣.♣♣..
......▒▒▒▒▒.....▒▒....♣♣...♣♣....
..........▒.....▒▒..♣♣..._.♣.♣..▒
................▒▒.....♣....♣..▒▒
................H5..♣..♣♣♣♣♣..♣▒▒
....................▒...♣.♣.♣....
.......▒▒▒......(...▒.♣♣.♣.♣♣....
.......+.'......[..<▒.....♣♣.....
.......▒▒▒........).▒▒▒..........
▒.................[[[...........)
▒..............................▒(
.........).....................▒▒
...............▒▒..........▒▒▒▒▒▒


You could see Grinder.


Message History

You hit Grinder.
Grinder is almost dead.
Grinder hits you.
* * * LOW HITPOINT WARNING * * *
You hit Grinder but do no damage.
Grinder is almost dead.
Grinder hits you but does no damage.
You hit Grinder.
Grinder is almost dead.
Grinder gestures at you. You resist with significant effort.
You hit Grinder but do no damage.
Your tail-slap misses Grinder.
Grinder is almost dead.
Grinder hits you but does no damage.
You barely miss Grinder.
Grinder is almost dead.
Grinder gestures at you. Pain shoots through your body!
* * * LOW HITPOINT WARNING * * *
You barely miss Grinder.
Grinder is almost dead.
Grinder gestures at you.
You suddenly lose the ability to move!
Grinder hits you but does no damage. Grinder gestures at you.
You resist with significant effort. Grinder gestures at you.
Pain shoots through your body!
You die...

Action                   |  1- 3 |  4- 6 || total
-------------------------+-------+-------++-------
Melee: Hand axe          |   135 |   134 ||   269
       Tailslap          |    10 |    13 ||    23
Invok: Depart the Abyss  |     1 |       ||     1
 Abil: Rolling Charge    |       |     3 ||     3
Evoke: Wand              |       |     1 ||     1
Armor: Leather armour    |    66 |    43 ||   109
Dodge: Dodged            |    59 |    57 ||   116

Levels and vault maps discovered:
D:1:      sevenhm_arrival_forest_fort_small_5, layout_basic,
          minmay_misc_feat_doors, serial_park_tiny_2, nrook_mini_backslash,
          nicolae_shop_unique_rings, minmay_3d_cube
D:2:      layout_basic, ebering_ecumenical_altar_abandoned, serial_shops,
          nicolae_shop_behind_doors
D:3:      layout_basic, nicolae_yredelemnul_corpse_copse, serial_shops,
          nicolae_shop_hallway_plus, minmay_misc_feat_more_columns,
          uniq_grinder, uniq_robin, uniq_terence, uniq_sigmund

Notes
Turn   | Place    | Note
-------+----------+-------------------------------------------
     0 | Abyss:1  | sanka the Palentonga Abyssal Knight began the quest for the
                  | Orb.
     0 | Abyss:1  | Reached XP level 1. HP: 19/19 MP: 2/2
    46 | Abyss:1  | Noticed a small abomination
   121 | Abyss:1  | Noticed an orange demon
   123 | Abyss:1  | Noticed a quasit
   127 | Abyss:1  | Noticed a necromancer
   127 | Abyss:1  | Noticed a tentacled starspawn
   130 | D:1      | Escaped the Abyss
   635 | D:1      | Reached * piety under Lugonu
   636 | D:1      | Reached XP level 2. HP: 25/25 MP: 3/3
   793 | D:1      | Reached skill level 3 in Axes
  1033 | D:1      | Found Rapautoz's One-of-a-Kind Rings.
  1772 | D:1      | Reached XP level 3. HP: 29/31 MP: 4/4
  1983 | D:2      | Found a faded altar of an unknown god.
  2504 | D:2      | Reached skill level 4 in Axes
  2511 | D:2      | Found Edocwa's Antique Armour Boutique.
  2800 | D:3      | Reached ** piety under Lugonu
  3062 | D:3      | Noticed Robin
  3082 | D:2      | HP: 3/31 [Robin (3)]
  3083 | D:2      | Killed Robin
  3084 | D:2      | Reached XP level 4. HP: 4/37 MP: 5/5
  3373 | D:2      | HP: 3/37 [poisoned by a goblin]
  3883 | D:3      | Found Fiadyug's General Store.
  4020 | D:3      | Reached skill level 5 in Axes
  4333 | D:3      | Reached XP level 5. HP: 17/43 MP: 6/6
  4553 | D:3      | Found a basalt altar of Yredelemnul.
  4723 | D:3      | Noticed Terence
  4901 | D:3      | Reached skill level 6 in Axes
  5046 | D:3      | Noticed Sigmund
  5177 | D:3      | Killed Sigmund
  5178 | D:3      | Reached skill level 4 in Invocations
  5178 | D:3      | Reached XP level 6. HP: 18/50 MP: 6/9
  5406 | D:3      | Noticed Terence
  5406 | D:3      | Terence changed into Terence the ball python
  5411 | D:3      | Killed Terence the ball python
  5596 | D:3      | Noticed Grinder
  5660 | D:3      | HP: 5/50 [Grinder/nerve-wracking pain (5)]
  5661 | D:3      | Paralysed by Grinder for 5 turns
  5664 | D:3      | Killed from afar by Grinder

Vanquished Creatures
  Sigmund (D:3)
  A water moccasin zombie (D:3)
  A hound (D:3)
  An orc priest (D:3)
  A scorpion zombie (D:3)
  Robin (D:2)
  2 worms
  7 orcs
  7 ball pythons
  5 bats
  8 endoplasms
  3 giant cockroaches
  4 hobgoblins
  A jackal (D:1)
  4 quokkas (D:1)
  5 frilled lizards
  16 goblins
  9 kobolds
  2 quokka zombies (D:3)
  8 rats
87 creatures vanquished.
